 Dungeon Crawl Stone Soup version 0.24-a0-462-ge24419a6ad (console) character file.

Game seed: 18395069314824354750

9 Lexodia the Sneak (level 2, -3/19 HPs)
             Began as a Gnoll Enchanter on July 1, 2019.
             Killed from afar by a dart slug (7 damage)
             ... with a slug dart
             ... on level 1 of the Dungeon.
             The game lasted 00:00:28 (75 turns).

Lexodia the Sneak (Gnoll Enchanter)                   Turns: 75, Time: 00:00:28

Health: -3/19      AC:  2    Str: 10    XL:     2   Next: 12%
Magic:  3/7        EV: 14    Int: 17    God:
Gold:   14         SH:  0    Dex: 15    Spells: 9/10 levels left

rFire    . . .     SeeInvis .   a - +1 dagger
rCold    . . .     Gourm    .   (no shield)
rNeg     . . .     Faith    .   b - +0 robe
rPois    .         Spirit   .   (no helmet)
rElec    .         Reflect  .   (no cloak)
rCorr    .         Harm     .   (no gloves)
MR       .....                  (no boots)
Stlth    +++.......             (no amulet)
HPRegen  0.06/turn              (no ring)
MPRegen  0.10/turn              (no ring)

@: very slightly contaminated
A: distributed training, fangs 1, strong nose
a: no special abilities


You were on level 1 of the Dungeon.
You were not hungry.

You visited 1 branch of the dungeon, and saw 1 of its levels.

You collected 14 gold pieces.

Inventory:

Hand Weapons
 a - a +1 dagger (weapon)
Armour
 b - a +0 robe (worn)
Scrolls
 c - a scroll of remove curse {unknown}
 e - a scroll of enchant armour {unknown}
Comestibles
 d - a ration


   Skills:
 + Level 0.2 Fighting
 + Level 2.4 Short Blades
 + Level 0.2 Long Blades
 + Level 0.2 Axes
 + Level 0.2 Maces & Flails
 + Level 0.2 Polearms
 + Level 0.2 Staves
 + Level 0.2 Slings
 + Level 0.2 Bows
 + Level 0.2 Crossbows
 + Level 0.2 Throwing
 + Level 0.2 Armour
 + Level 4.4 Dodging
 + Level 5.9 Stealth
 + Level 0.2 Shields
 + Level 0.2 Unarmed Combat
 + Level 4.9 Spellcasting
 + Level 0.1 Conjurations
 + Level 5.3 Hexes
 + Level 0.1 Charms
 + Level 0.1 Summonings
 + Level 0.1 Necromancy
 + Level 0.1 Translocations
 + Level 0.1 Transmutations
 + Level 0.1 Fire Magic
 + Level 0.1 Ice Magic
 + Level 0.1 Air Magic
 + Level 0.1 Earth Magic
 + Level 0.1 Poison Magic
 + Level 0.3 Invocations
 + Level 0.2 Evocations


You had 9 spell levels left.
You knew the following spells:

 Your Spells              Type           Power        Failure   Level  Hunger
a - Corona                Hex            ###....      1%          1    None

Your spell library contained the following spells:

 Spells                   Type           Power        Failure   Level  Hunger
 Confuse                  Hex            ###.....     4%          3    ###....
 Tukima's Dance           Hex            ###.....     4%          3    ###....
 Ensorcelled Hibernation  Hex/Ice        ##....       7%          2    #......
 Dazzling Spray           Conj/Hex       ##....       14%         3    ###....


Dungeon Overview and Level Annotations

Branches:
Dungeon (1/15)

Altars:


Innate Abilities, Weirdness & Mutations

Your experience applies equally to all skills.
You have very sharp teeth.
Your uncanny sense of smell can sniff out nearby items.


Message History

* * * LOW HITPOINT WARNING * * *
Huge Dmg: -15%(-3hp) hp: 22%(4hp)
You hit the goblin.
You kill the goblin!
Casting: Corona (safe; 1% risk of failure)
Confirm with . or Enter, or press ? or * to list all spells.
Aiming: Corona (safe; 1% risk of failure)
Press: ? - help, Shift-Dir - straight line, f - dart slug
Aim: a dart slug (chance to defeat MR: 77%)
The dart slug is outlined in light.
You hit the dart slug.
The dart slug is moderately wounded.
The dart slug barely misses you.
You hit the dart slug.
The dart slug is heavily wounded.
You hit the dart slug.
The dart slug is almost dead.
The dart slug launches a dart at you. The slug dart hits you!
You die...

... .. #..#.. . ....# . #
###... .##.#.### .....# #
#.#.#.#.#. .....# #..#
.......... .....###..##
#.#.#.#.# ...........#
###..!..... ......##...##
#.@#>#.#.#.#
...##.##....##..#w........
...............###.#.#.#.#.
.>##...#......###...†......
#.####......#..#.#.#.#.#.#.
#.# ##.................
#........#.......#.#.#.#
#####....................
......##.#......##.#.#.#.#


You could see a dart slug.

Vanquished Creatures
  A ball python (D:1)
  2 bats (D:1)
  2 goblins (D:1)
  A hobgoblin (D:1)
  2 rats (D:1)
8 creatures vanquished.

Notes
Turn   | Place    | Note
-------+----------+-------------------------------------------
     0 | D:1      | Lexodia the Gnoll Enchanter began the quest for the Orb.
     0 | D:1      | Reached XP level 1. HP: 13/13 MP: 6/6
    49 | D:1      | Huge Dmg: 3 dmg
    63 | D:1      | Huge Dmg: 5 dmg
    67 | D:1      | Reached XP level 2. HP: 8/19 MP: 4/7
    71 | D:1      | Huge Dmg: 3 dmg
    75 | D:1      | Killed from afar by a dart slug

Levels and vault maps discovered:
D:1:      scummos_arrival_forest, layout_rooms, st_stairs_11, minmay_liquid_box

Action                   || total
-------------------------++-------
Melee: Dagger            ||    28
       Bite              ||     1
 Cast: Corona            ||     4
 Stab: Sleeping          ||     1
Armor: Robe              ||     4
Dodge: Dodged            ||    26

Table legend:
 A = Non-vault XP
 B = Vault XP
 C = Vault XP percentage of total XP
 D = Non-vault monster count
 E = Vault monster count
 F = Vault count percentage of total count
                 A         B        C        D         E       F
            +---------+---------+-------+---------+---------+-------
      Total |       7 |       6 |  46.2 |       5 |       3 |  37.5
            +---------+---------+-------+---------+---------+-------
        D:1 |       7 |       6 |  46.2 |       5 |       3 |  37.5
            +---------+---------+-------+---------+---------+-------
